 Dungeon Crawl Stone Soup version 0.22.1-2-g9c5b331383 (webtiles) character file.

1652 Ihlosi the Fighter (level 9, -1/76 HPs)
             Began as a Human Gladiator on Nov 17, 2018.
             Was an Initiate of the Shining One.
             Slain by an orc warrior
             ... wielding a +0 flail
              (20 damage)
             ... on level 6 of the Dungeon.
             The game lasted 00:15:26 (5788 turns).

Ihlosi the Fighter (Human Gladiator)                Turns: 5788, Time: 00:15:27

Health: -1/76      AC:  4    Str: 18      XL:     9   Next: 19%
Magic:  19/19      EV: 13    Int: 10 (11) God:    the Shining One [......]
Gold:   210        SH:  0    Dex: 16      Spells: 8/10 levels left

rFire    . . .     SeeInvis .   q - +7 dagger of Vigyl {pierce, MR- Str+2 Int+2}
rCold    . . .     Gourm    .   (no shield)
rNeg     . . .     Faith    .   b - +0 leather armour
rPois    .         Spirit   .   c - +0 helmet
rElec    .         Reflect  .   (no cloak)
rCorr    .         Harm     .   (no gloves)
MR       .....                  (no boots)
Stlth    +.........             (no amulet)
HPRegen  0.22/turn              k - ring of protection from magic
MPRegen  0.16/turn              o - ring of magical power

@: glowing
A: no striking features
a: Renounce Religion


You were on level 6 of the Dungeon.
You worshipped the Shining One.
The Shining One was noncommittal.
You were not hungry.

You visited 2 branches of the dungeon, and saw 7 of its levels.

You collected 210 gold pieces.

Inventory:

Hand Weapons
 a - a +1 long sword
 q - the +7 dagger of Vigyl (weapon) {pierce, MR- Str+2 Int+2}
   (You found it on level 4 of the Dungeon)

   It inflicts extra damage upon your enemies.
   It affects your strength (+2).
   It affects your intelligence (+2).
   It affects your resistance to hostile enchantments.
Missiles
 d - 3 throwing nets (quivered)
 w - 48 bolts
Armour
 b - a +0 leather armour (worn)
 c - a +0 helmet (worn)
Jewellery
 k - a ring of protection from magic (left hand)
 m - an uncursed ring of fire
 o - a ring of magical power (right hand)
Wands
 h - a wand of random effects (8)
Scrolls
 n - a scroll of fog {unknown}
 r - a scroll of immolation {unknown}
 v - a scroll of remove curse
 x - 3 scrolls of fear {unknown}
Potions
 e - 2 potions of curing
 g - a potion of berserk rage
 j - 2 potions of brilliance
 l - a potion of mutation
 p - a potion of haste
 s - a potion of magic
 z - a potion of flight {unknown}
Comestibles
 f - 5 rations


   Skills:
 * Level 9.2 Fighting
 * Level 4.5 Long Blades
 - Level 2.0 Throwing
 - Level 3.2 Armour
 - Level 3.0 Dodging
 + Level 1.9 Stealth
 - Level 1.0 Spellcasting
 * Level 1.8 Translocations
 * Level 2.2 Evocations


You had 8 spell levels left.
You knew the following spells:

 Your Spells              Type           Power        Failure   Level  Hunger
a - Blink                 Tloc           N/A          28%         2    ###....

Your spell library contained the following spells:

 Spells                   Type           Power        Failure   Level  Hunger
 Infusion                 Chrm           #...         38%         1    ##.....
 Magic Dart               Conj           #...         38%         1    ##.....
 Shroud of Golubria       Chrm/Tloc      #.........   38%         2    ###....
 Call Imp                 Summ           #.......     52%         2    ###....
 Searing Ray              Conj           #.....       52%         2    ###....
 Slow                     Hex            #.......     52%         2    ###....
 Song of Slaying          Chrm           #.......     52%         2    ###....
 Conjure Flame            Conj/Fire      #.......     77%         3    ####...
 Dazzling Spray           Conj/Hex       #.....       77%         3    ####...
 Mephitic Cloud           Conj/Pois/Air  #.......     77%         3    ####...
 Regeneration             Chrm/Necr      #.........   77%         3    ####...
 Spectral Weapon          Hex/Chrm       #.......     77%         3    ####...
 Force Lance              Conj/Tloc      #.......     95%         4    #####..
 Fulminant Prism          Conj/Hex       #.........   99%         4    #####..
 Iskenderun's Mystic Bla  Conj           #.......     99%         4    #####..


Dungeon Overview and Level Annotations

Branches:
Dungeon (6/15)             Temple (1/1) D:6

Altars:
Cheibriados
Dithmenos
Elyvilon
Fedhas
Gozag
Kikubaaqudgha
Makhleb
Nemelex Xobeh
Okawaru
Ru
Sif Muna
Trog
Uskayaw
Wu Jian
Xom
Zin
The Shining One

Annotations:
D:3 need digging
D:6 Cykl0x's ghost, novice GrFi


Message History

The hound misses you.
You barely miss the hound.
The hound is almost dead.
The hound bites you but does no damage. x2
Your leather armour prevents you from hitting the hound.
The hound is almost dead.
The hound bites you.
You hit the hound.
You kill the hound!
Training target 3.0 for Armour reached!
Your Armour skill increases to level 3!
You hit the orc warrior but do no damage.
You barely miss the orc warrior. The orc warrior hits you with a flail!
You hit the orc warrior but do no damage.
The orc warrior hits you with a flail!
* * * LOW HITPOINT WARNING * * *
You hit the orc warrior.
The orc warrior is lightly wounded.
The orc warrior hits you with a flail!!
You die...

#########
........####(####
.........@ooo....
######.####{###.
##########.#
...........#
######''####
##........#
##..........#
##............#
##..............#


You could see an orc warrior, an orc priest and an orc.

Vanquished Creatures
  An ice beast (D:6)
  A sky beast (D:5)
  2 phantoms (D:5)
  4 ogres
  A centaur (D:5)
  4 bullfrogs
  2 howler monkeys (D:6)
  2 crimson imps
  An orc priest (D:3)
  4 hounds
  A centaur skeleton (D:5)
  An iguana (D:6)
  An orc wizard (D:5)
  2 worker ants
  A hound zombie (D:6)
  A hound skeleton (D:5)
  A howler monkey skeleton (D:4)
  3 gnolls (D:3)
  5 adders
  3 oozes
  2 worms (D:3)
  A dart slug (D:3)
  5 leopard geckos
  6 orcs
  6 giant cockroaches
  11 goblins
  13 hobgoblins
  3 quokkas
  4 ball pythons
  11 bats
  7 frilled lizards
  A jackal skeleton (D:5)
  6 kobolds
  7 rats
124 creatures vanquished.

Vanquished Creatures (others)
  A fungus (D:5)
  A plant (D:5)
2 creatures vanquished.

Grand Total: 126 creatures vanquished

Notes
Turn   | Place    | Note
-------+----------+-------------------------------------------
     0 | D:1      | Ihlosi the Human Gladiator began the quest for the Orb.
     0 | D:1      | Reached XP level 1. HP: 16/16 MP: 1/1
    33 | D:1      | Reached XP level 2. HP: 20/22 MP: 2/2
    85 | D:1      | Reached skill level 1 in Stealth
   129 | D:1      | Reached skill level 1 in Armour
   263 | D:1      | Reached XP level 3. HP: 15/28 MP: 3/3
   504 | D:1      | Reached skill level 3 in Fighting
   970 | D:2      | Reached XP level 4. HP: 31/35 MP: 4/4
  1252 | D:2      | Reached skill level 4 in Fighting
  2046 | D:3      | Reached XP level 5. HP: 35/43 MP: 5/5
  2373 | D:3      | Reached skill level 5 in Fighting
  2556 | D:3      | Reached XP level 6. HP: 25/51 MP: 6/6
  3567 | D:4      | Found a shadowy altar of Dithmenos.
  3572 | D:4      | Got a fine dagger
  3904 | D:5      | Entered Level 5 of the Dungeon
  4019 | D:5      | Noticed a phantom
  4112 | D:5      | Noticed an ogre
  4117 | D:5      | Killed an ogre
  4117 | D:5      | Reached skill level 6 in Fighting
  4128 | D:5      | Reached XP level 7. HP: 21/59 MP: 7/7
  4374 | D:5      | Found a bloodstained altar of Trog.
  4386 | D:5      | Reached skill level 7 in Fighting
  4517 | D:5      | Found a blossoming altar of Fedhas.
  4555 | D:5      | Reached XP level 8. HP: 68/68 MP: 8/8
  4597 | D:5      | Reached skill level 8 in Fighting
  4610 | D:5      | Got a faintly glowing scale mail
  4618 | D:5      | Identified the +7 dagger of Vigyl {pierce, MR- Str+2 Int+2}
                  | (You found it on level 4 of the Dungeon)
  4629 | D:5      | Identified the +0 scale mail of Bol Fiwk {*Corrode Int+6}
                  | (You found it on level 5 of the Dungeon)
  4695 | D:5      | Reached skill level 1 in Evocations
  4787 | D:5      | Learned a level 2 spell: Blink
  5140 | D:5      | Found an opulent altar of Gozag.
  5234 | D:6      | Noticed a vampire
  5262 | D:6      | Noticed Cykl0x's ghost (novice GrFi)
  5265 | D:6      | Noticed a wraith
  5293 | D:6      | Reached skill level 9 in Fighting
  5296 | D:6      | Reached skill level 1 in Translocations
  5300 | D:6      | Reached XP level 9. HP: 18/76 MP: 10/10
  5517 | D:6      | Reached skill level 1 in Spellcasting
  5527 | D:6      | Found a staircase to the Ecumenical Temple.
  5544 | Temple   | Entered the Ecumenical Temple
  5681 | Temple   | Became a worshipper of the Shining One
  5788 | D:6      | Slain by an orc warrior

Skill      XL: |  1  2  3  4  5  6  7  8  9 |
---------------+----------------------------+-----
Stealth        | 1 |  1.9
Armour         | 1 2 3 |  3.2
Fighting       | 3 4 5 6 7 9 |  9.2
Evocations     | 1 2 |  2.2
Long Blades    | 4 |  4.5
Translocations | 1 |  1.8
Spellcasting   | 1 |  1.0
Throwing       | |  2.0
Dodging        | |  3.0

Action                   |  1- 3 |  4- 6 |  7- 9 || total
-------------------------+-------+-------+-------++-------
Melee: Long sword        |    69 |   156 |    50 ||   275
       Dagger            |       |       |   127 ||   127
Evoke: Wand              |       |       |    10 ||    10
  Use: Scroll            |       |     6 |     2 ||     8
       Potion            |       |     2 |     4 ||     6
 Stab: Sleeping          |     2 |     3 |       ||     5
       Invisible         |       |     2 |       ||     2
       Paralysed         |       |       |     7 ||     7
  Eat: Chunk             |       |     9 |     4 ||    13
       Ration            |       |       |     1 ||     1
Armor: Leather armour    |    25 |    22 |    24 ||    71
       Robe              |       |     6 |       ||     6
Dodge: Dodged            |    82 |   131 |   104 ||   317
       Rpst.: Long sword |    24 |    41 |    10 ||    75
